Map: Gresvan LE

Players

Milkicow

  • Race: Terran Terran
  • Spawn Location: 5:00

Lambo - Winner!

  • Race: Zerg Zerg
  • Spawn Location: 11:00

Event: ESL SC2 Masters 2023 Summer (Regionals)

VOD

Have the link to the VOD?

Description

Time

  • Played on: May 4, 2023, 11:20 a.m.
  • Length: 15:53

All games in this series

Show
View Real Time Build Order
Export as new Build Order

Milkicow Terran 

Build Orders: Command Center First 

Get SALT Encoding   

  12  0:00  SCV  
  13  0:12  SCV  
  14  0:18  Supply Depot  
  14  0:24  SCV  
  15  0:39  SCV  
  16  0:51  SCV  
  17  1:00  Command Center  
  17  1:03  SCV  
  18  1:16  Barracks  
  18  1:17  SCV  
  19  1:30  Barracks  
  19  1:31  SCV  
  20  1:43  SCV  
  21  1:55  SCV  
  22  2:04  Marine  
  23  2:09  Orbital Command  
  23  2:12  Orbital Command  
  23  2:18  Marine  
  23  2:21  Barracks  
  23  2:22  Marine  
  24  2:35  SCV  
  25  2:37  Marine  
  25  2:39  SCV  
  25  2:42  Command Center  
  27  2:44  Marine  
  27  2:47  SCV  
  29  2:53  Refinery  
  29  2:56  SCV, Marine  
  31  2:59  SCV  
  31  3:03  Marine  
  31  3:04  Supply Depot  
  33  3:08  SCV  
  34  3:14  Marine  
  34  3:15  SCV  
  34  3:17  Bunker  
  36  3:20  SCV  
  36  3:21  Marine  
  38  3:27  SCV  
  38  3:28  Barracks, Refinery  
  38  3:31  Marine  
  40  3:39  SCV, Marine  
  42  3:44  SCV  
  43  3:50  Refinery  
  43  3:51  SCV  
  45  3:56  SCV  
  45  3:57  Orbital Command  
  45  3:58  Barracks Tech Lab  
  45  3:59  Barracks Reactor  
  45  4:03  SCV  
  45  4:08  SCV  
  47  4:14  Supply Depot  
  47  4:15  SCV, Refinery  
  47  4:16  Stimpack  
  48  4:17  Marine x2  
  48  4:20  SCV  
  48  4:23  Supply Depot  
  51  4:24  SCV  
  51  4:27  SCV  
  51  4:31  Factory  
  53  4:32  SCV  
  53  4:35  Barracks x2  
  53  4:36  Marine, SCV  
  53  4:37  Marine  
  58  4:39  Marine, SCV  
  58  4:45  SCV  
  61  4:46  Supply Depot  
  61  4:48  SCV  
  61  4:51  SCV  
  61  4:52  Engineering Bay  
  63  4:53  Barracks Tech Lab  
  63  4:55  Marine  
  63  4:56  Marine  
  63  4:57  SCV  
  63  4:58  Marine  
  66  5:00  SCV  
  66  5:02  Orbital Command  
  66  5:03  SCV  
  68  5:09  SCV, Supply Depot  
  68  5:12  Marine, SCV  
  68  5:13  Marine, Combat Shield  
  68  5:14  Marine  
  73  5:15  Starport, Factory Reactor  
  73  5:18  SCV  
  74  5:22  Barracks Reactor x2  
  74  5:23  Terran Infantry Weapons Level 1  
  74  5:26  SCV  
  75  5:29  Orbital Command, Marine  
  75  5:31  SCV  
  75  5:33  Marine  
  75  5:35  Marine, Supply Depot  
  78  5:36  Marine  
  78  5:39  SCV  
  81  5:43  SCV  
  81  5:45  Engineering Bay  
  81  5:47  Marine  
  83  5:51  Marine, SCV  
  83  5:52  Supply Depot x2  
  83  5:53  Marine  
  83  5:54  Marine, SCV  
  83  5:56  SCV  
  89  5:57  Factory Reactor  
  89  5:58  Medivac x2  
  89  6:03  Armory  
  89  6:04  SCV, Marine  
  93  6:05  Marine x2  
  93  6:06  Concussive Shells  
  93  6:07  SCV  
  97  6:15  Supply Depot, Terran Infantry Armor Level 1  
  97  6:16  SCV  
  97  6:17  Marine  
  97  6:18  SCV, Supply Depot  
  99  6:19  SCV  
  99  6:24  Marine x4  
  105  6:26  Marine  
  105  6:29  Medivac x2  
  112  6:35  Marine  
  112  6:36  Widow Mine, Marine  
  112  6:37  Widow Mine  
  117  6:41  Supply Depot  
  117  6:42  Supply Depot  
  117  6:45  Marine, Marauder  
  117  6:46  Marine  
  120  6:55  Marauder  
  120  6:57  Marine x2  
  120  7:00  SCV  
  122  7:04  Medivac x2  
  122  7:05  Widow Mine x2  
  122  7:07  Marauder, Supply Depot  
  122  7:08  Command Center  
  132  7:10  Marine  
  132  7:13  SCV  
  132  7:14  SCV, Marine  
  132  7:15  Marine  
  136  7:16  Marauder, SCV  
  136  7:18  Terran Infantry Weapons Level 2  
  136  7:22  Marine, Supply Depot  
  140  7:24  Marine  
  140  7:28  Marauder  
  143  7:30  Marine x2  
  143  7:31  Widow Mine x2, SCV  
  143  7:35  SCV  
  151  7:37  Marauder  
  145  7:46  Marine  
  145  7:47  Marine  
  145  7:48  SCV  
  145  7:49  Marauder  
  145  7:51  Marine  
  144  7:52  Marine  
  144  7:53  Marine x2  
  144  7:57  SCV  
  144  7:59  Widow Mine x2, Marauder  
  144  8:02  SCV  
  144  8:03  Barracks x2  
  144  8:04  Marine  
  152  8:07  Medivac  
  152  8:10  Marine  
  152  8:11  Marauder, SCV  
  159  8:12  SCV  
  159  8:17  Marine  
  159  8:19  SCV  
  160  8:20  Marauder  
  160  8:22  Terran Infantry Armor Level 2  
  162  8:28  Marine  
  162  8:32  Marauder  
  165  8:36  Marine x2  
  165  8:37  Marine  
  165  8:41  Marine x2, Marauder  
  161  8:42  Widow Mine x2, SCV, Medivac x2  
  161  8:46  Marine  
  161  8:48  SCV  
  175  8:49  SCV  
  175  8:53  Command Center  
  175  8:54  Marauder  
  175  8:56  Marine  
  152  9:03  Marine, Marauder  
  152  9:05  Marine  
  151  9:11  Marine x5  
  151  9:12  SCV  
  151  9:14  Marine  
  151  9:15  SCV, Planetary Fortress, Marauder  
  160  9:18  SCV  
  160  9:20  Marine, Command Center  
  160  9:23  Marine  
  161  9:24  Marauder  
  161  9:28  Marine  
  161  9:29  Marine x2  
  137  9:32  Marine  
  137  9:34  Medivac x2  
  137  9:35  Terran Infantry Weapons Level 3  
  137  9:36  Marine  
  132  9:38  Marine  
  132  9:39  Widow Mine  
  132  9:40  Widow Mine  
  132  9:41  Marine  
  132  9:42  Barracks Tech Lab x2  
  132  9:45  Marine  
  136  9:46  Marine  
  136  9:47  Marine  
  136  9:49  Marine  
  136  9:50  Marine  
  141  9:54  Marine  
  141  9:58  Marine  
  141  9:59  Marine  
  143  10:01  Widow Mine x2  
  143  10:03  Marine x2, Marauder  
  143  10:04  Marine x2  
  143  10:06  Command Center  
  143  10:07  Marine  
  150  10:09  Marine  
  150  10:12  Marauder  
  154  10:16  Marine  
  154  10:17  Marine  
  154  10:20  SCV  
  159  10:21  Marauder x2, Sensor Tower  
  159  10:22  Widow Mine, Marine  
  159  10:23  Marine  
  159  10:24  Marine  
  159  10:25  Marauder  
  159  10:26  Widow Mine  
  159  10:27  Marine  
  171  10:29  Planetary Fortress  
  171  10:33  Marine, SCV  
  168  10:47  Marine x4  
  168  10:48  Marauder x3, Marine  
  168  10:49  Widow Mine x2, Orbital Command  
  175  10:50  Command Center  
  175  10:51  Marauder  
  175  10:56  Marine  
  178  11:09  Marauder x2  
  178  11:14  Marine  
  178  11:15  Marauder, SCV  
  178  11:16  Marine, SCV, Marauder  
  173  11:26  Marine  
  173  11:28  SCV  
  173  11:30  Marauder  
  175  11:33  SCV  
  175  11:34  Orbital Command, Marine, Marauder  
  175  11:37  SCV  
  152  11:40  Marine  
  152  11:41  Marine x3  
  152  11:42  SCV  
  152  11:43  Marine x2  
  152  11:44  Marine  
  152  11:45  SCV x2  
  148  11:49  Widow Mine x2, SCV  
  148  11:51  Marine x2  
  148  11:54  SCV, Command Center x2  
  148  11:55  Marine  
  148  11:56  Medivac x2  
  148  11:58  Marine  
  148  11:59  Marine x3  
  148  12:01  Marine, SCV  
  159  12:03  SCV, Marine  
  159  12:04  Marauder, SCV  
  159  12:06  SCV  
  165  12:11  Marine, Marauder  
  165  12:13  Widow Mine x2, Marine  
  173  12:18  SCV  
  173  12:19  Marauder  
  171  12:22  Marine  
  171  12:23  Marine x3, SCV  
  171  12:25  Marauder  
  171  12:27  Marine  
  171  12:28  SCV x2  
  175  12:31  Marine, Marauder  
  175  12:32  Marine  
  174  12:40  Marine x3  
  174  12:41  Marine x2  
  174  12:42  SCV  
  167  12:45  Marine  
  167  12:46  SCV  
  167  12:47  Marauder  
  167  12:49  Marine  
  167  12:51  Marauder  
  171  12:52  Widow Mine, Marauder  
  171  12:53  SCV  
  171  12:58  Marine x2, Marauder  
  173  12:59  Marine x2  
  173  13:03  Marine  
  167  13:07  Marine  
  167  13:08  SCV, Marauder  
  167  13:09  SCV  
  167  13:10  Orbital Command  
  167  13:12  Marauder  
  159  13:13  SCV x2, Marine  
  159  13:18  Marine  
  154  13:20  SCV  
  154  13:21  SCV  
  154  13:25  SCV x2, Medivac x2, Planetary Fortress  
  155  13:30  Marine  
  155  13:31  Supply Depot  
  155  13:32  SCV  
  155  13:33  SCV  
  158  13:37  SCV, Marauder  
  158  13:40  SCV x2  
  158  13:43  Marine  
  158  13:45  Marine  
  158  13:46  Sensor Tower  
  158  13:47  Supply Depot  
  160  13:49  Widow Mine, Marine  
  160  13:53  SCV  
  160  13:54  SCV x2  
  160  13:55  Medivac  
  166  13:56  Refinery  
  166  13:58  SCV  
  166  14:00  Marine x3  
  166  14:01  Widow Mine  
  166  14:02  SCV  
  175  14:03  SCV  
  176  14:14  Marine x2  
  167  14:19  Orbital Command  
  167  14:20  Orbital Command, Marine  
  167  14:21  Marine x2  
  167  14:22  Widow Mine  
  159  14:24  Marine  
  159  14:25  Marine  
  159  14:29  Marine x2, SCV, Marauder  
  140  14:31  Marine  
  140  14:32  Marine, SCV  
  140  14:33  SCV  
  131  14:38  Marine, SCV  
  131  14:39  Marine x2  
  131  14:41  SCV  
  131  14:42  Marine x2  
  131  14:43  Medivac x2  
  131  14:44  Widow Mine x2, SCV  
  131  14:45  SCV x2  
  147  14:46  Marine  
  147  14:47  SCV  
  147  14:48  Marauder  
  147  14:49  Marine x2  
  147  14:50  SCV, Marauder  
  156  14:56  Marine  
  156  14:57  SCV  
  156  14:58  Marine  
  156  14:59  Marine  
  158  15:00  Marine x2, SCV  
  158  15:03  SCV  
  158  15:05  Marauder  
  164  15:07  Marine  
  164  15:09  SCV  
  164  15:11  SCV  
  164  15:12  Marine  
  164  15:13  Marine, Medivac  
  171  15:20  Marine  
  171  15:21  Marine x3  
  168  15:27  SCV  
  167  15:29  Marine x3  
  153  15:38  SCV  
Show
View Real Time Build Order
Export as new Build Order

Lambo Zerg - Winner!

Build Orders: Pool First, Lurkers 

Get SALT Encoding   

  12  0:00  Drone  
  13  0:12  Overlord  
  13  0:17  Drone  
  14  0:30  Drone x2  
  14  0:34  Drone  
  17  0:43  Spawning Pool  
  17  0:47  Drone  
  17  1:07  Hatchery  
  17  1:09  Drone  
  17  1:14  Drone  
  17  1:17  Extractor  
  17  1:30  Queen, Zergling x4  
  21  1:40  Overlord  
  21  1:49  Drone  
  22  1:59  Drone  
  23  2:06  Queen  
  25  2:12  Drone  
  26  2:19  Hatchery  
  26  2:20  Drone  
  26  2:24  Drone  
  27  2:30  Drone  
  27  2:34  Drone  
  29  2:39  Drone x3  
  29  2:43  Drone  
  33  2:47  Overlord  
  33  2:52  Metabolic Boost  
  33  2:55  Drone  
  33  3:02  Drone x2  
  35  3:07  Queen  
  35  3:10  Drone  
  38  3:15  Queen  
  39  3:20  Zergling x4  
  39  3:21  Drone x2  
  43  3:29  Overlord  
  43  3:34  Queen  
  43  3:39  Overlord  
  43  3:41  Drone x3  
  46  3:45  Queen  
  46  3:48  Drone x3  
  51  3:49  Drone  
  51  3:54  Queen  
  54  3:59  Drone x2  
  54  4:00  Drone  
  59  4:02  Drone x2  
  59  4:05  Overlord  
  59  4:07  Drone  
  60  4:11  Overlord  
  60  4:15  Drone  
  61  4:17  Drone x2  
  61  4:18  Drone  
  61  4:21  Overlord  
  61  4:22  Drone  
  61  4:23  Queen  
  67  4:27  Overlord  
  67  4:30  Drone x2  
  69  4:34  Drone x2  
  69  4:35  Extractor  
  70  4:40  Queen  
  70  4:44  Overlord  
  72  4:45  Drone x2, Baneling Nest  
  72  4:46  Drone  
  72  4:52  Zergling x2  
  75  4:55  Zergling x6  
  75  4:57  Zergling x4  
  75  4:58  Hatchery  
  79  5:00  Zergling x6  
  79  5:04  Queen  
  84  5:07  Lair  
  84  5:17  Overlord  
  84  5:18  Drone x2  
  84  5:20  Extractor, Drone x2, Overlord  
  87  5:22  Zergling x8  
  87  5:24  Queen  
  93  5:29  Drone  
  93  5:30  Spore Crawler  
  93  5:31  Overlord  
  93  5:32  Zergling x2  
  93  5:35  Baneling x3  
  94  5:39  Overlord  
  94  5:40  Baneling  
  94  5:41  Drone  
  94  5:42  Spore Crawler  
  94  5:44  Zergling x12  
  94  5:49  Overlord  
  100  5:53  Drone x2  
  100  5:54  Drone x2  
  106  5:57  Drone  
  106  5:58  Evolution Chamber  
  106  5:59  Evolution Chamber  
  106  6:00  Extractor  
  104  6:04  Drone x2  
  104  6:07  Drone  
  104  6:08  Drone x2  
  104  6:10  Drone x2  
  110  6:14  Baneling  
  110  6:15  Baneling x3  
  110  6:17  Baneling  
  109  6:18  Drone x2  
  109  6:19  Drone x3  
  114  6:29  Zerg Ground Armor Level 1  
  114  6:30  Zerg Melee Weapons Level 1  
  114  6:32  Drone  
  115  6:33  Drone x2  
  115  6:34  Centrifugal Hooks  
  115  6:38  Zergling x18  
  126  6:42  Baneling  
  126  6:43  Baneling, Zergling x2  
  126  6:44  Hatchery, Zergling x4  
  128  6:50  Zergling x8  
  131  6:58  Zergling x16  
  137  7:07  Overlord  
  137  7:08  Drone x2  
  139  7:13  Zergling x10  
  144  7:19  Overlord  
  144  7:20  Baneling x2  
  144  7:22  Hatchery, Overlord x2  
  143  7:24  Overlord x2  
  143  7:27  Overlord  
  143  7:28  Overlord  
  138  7:32  Zergling x18  
  138  7:36  Zergling x6  
  150  7:41  Zergling x2  
  135  7:49  Zergling x16  
  135  7:50  Overseer  
  133  7:53  Zergling x10, Hydralisk Den  
  133  7:57  Zergling x2  
  131  7:58  Queen x2  
  131  8:01  Drone x5  
  131  8:02  Queen  
  131  8:03  Extractor  
  131  8:04  Baneling  
  131  8:05  Baneling x3  
  141  8:06  Zergling x4  
  141  8:10  Baneling x4  
  143  8:13  Zergling x12  
  143  8:18  Zergling x10  
  152  8:23  Zergling x6, Muscular Augments  
  152  8:24  Zerg Ground Armor Level 2, Zerg Melee Weapons Level 2  
  152  8:25  Baneling  
  155  8:28  Zergling x2  
  155  8:29  Zergling x8  
  155  8:33  Zergling x6  
  154  8:37  Zergling x8  
  154  8:40  Hydralisk x2  
  149  8:42  Baneling x7  
  149  8:47  Hydralisk x5  
  157  8:56  Hydralisk x2  
  157  9:02  Hatchery, Zergling x14  
  157  9:08  Zergling x10  
  158  9:11  Drone x3  
  158  9:13  Zergling x4  
  163  9:17  Baneling x11  
  163  9:21  Zergling x8  
  163  9:25  Zergling x8  
  163  9:29  Zergling x10  
  163  9:30  Zergling x2  
  144  9:33  Zergling x4  
  138  9:39  Zergling x2  
  138  9:40  Zergling x8  
  138  9:43  Queen  
  145  9:45  Hydralisk  
  145  9:46  Hydralisk  
  145  9:48  Grooved Spines  
  145  9:51  Zergling x6  
  151  9:53  Zergling x2  
  151  9:59  Zergling x8  
  153  10:04  Zergling x6  
  153  10:05  Infestation Pit  
  154  10:07  Zergling x4  
  154  10:09  Pneumatized Carapace, Overseer  
  154  10:11  Zergling x16  
  164  10:14  Zergling x2  
  164  10:17  Extractor, Baneling x10  
  164  10:18  Baneling x3, Spore Crawler  
  164  10:19  Zergling x4  
  165  10:21  Zergling x2  
  165  10:22  Zergling x2  
  167  10:30  Zergling x10  
  167  10:34  Drone x3  
  174  10:36  Spore Crawler  
  172  10:47  Overlord  
  172  10:48  Zergling x26  
  185  10:52  Hive  
  185  10:54  Drone x3  
  188  10:57  Zergling x6  
  188  11:01  Baneling x11  
  188  11:02  Drone  
  192  11:11  Zergling x18  
  192  11:14  Zergling x10  
  186  11:21  Zergling x10  
  184  11:26  Zergling x8  
  184  11:31  Zergling x6  
  191  11:35  Zergling x10  
  177  11:40  Zergling x4  
  177  11:45  Zergling x14  
  177  11:54  Zergling x14  
  177  11:57  Baneling x4  
  177  12:00  Zergling x2  
  177  12:01  Zergling x4  
  186  12:02  Baneling x20  
  186  12:13  Zergling x12  
  192  12:20  Hatchery  
  192  12:22  Zergling x2  
  183  12:26  Zergling x16  
  189  12:33  Hatchery  
  183  12:38  Zergling x2  
  183  12:39  Zergling x10  
  183  12:43  Zergling x8  
  183  12:44  Baneling x4  
  190  12:51  Zergling x2  
  190  12:55  Zergling x20  
  188  13:00  Zergling x4  
  178  13:06  Zergling x12  
  178  13:08  Zergling x2  
  171  13:15  Zergling x2  
  171  13:16  Zergling x8  
  171  13:19  Lurker Den  
  169  13:20  Zergling x6  
  169  13:23  Drone x3  
  169  13:26  Zergling x2  
  173  13:27  Baneling x9  
  173  13:28  Adrenal Glands  
  172  13:36  Zergling x10  
  173  13:46  Zergling x10  
  173  13:48  Overseer x2  
  171  13:55  Drone x8  
  179  13:56  Zergling x4  
  179  14:00  Spore Crawler  
  180  14:05  Zergling x8  
  180  14:08  Zergling x4  
  174  14:21  Zergling x16  
  170  14:26  Zergling x12  
  170  14:30  Zergling x2  
  170  14:31  Zergling x8  
  163  14:34  Zergling x6  
  163  14:38  Seismic Spines  
  161  14:40  Extractor  
  161  14:41  Drone x11  
  161  14:43  Extractor  
  161  14:44  Extractor  
  167  14:46  Hydralisk x2  
  167  14:51  Extractor  
  170  14:53  Baneling x4  
  170  14:57  Lurker x2  
  170  14:58  Lurker x2  
  172  15:08  Drone x3  
  172  15:10  Lurker x2  
  172  15:11  Extractor x2  
  175  15:16  Zergling x8  
  175  15:17  Overlord  
  175  15:18  Overlord  
  177  15:21  Overlord  
  175  15:29  Lurker x2  
  175  15:30  Overlord  
  175  15:33  Overseer  
  175  15:35  Overlord  
Tags
 
Add a new tag
Caveats
  • Supply blocks, unpowered buildings, or Contaminate may cause inaccurate times.
  • Supply counts are checked every 10 seconds.